 Dungeon Crawl Stone Soup version 0.20-a0-1074-g6a0a8e1 (webtiles) character file.

890 Alarkh the Cleaver (level 7, 0/50 HPs)
             Began as a Demonspawn Skald on Apr 29, 2017.
             Was an Initiate of Okawaru.
             Slain by a black bear (3 damage)
             ... on level 6 of the Dungeon.
             The game lasted 00:05:56 (6773 turns).

Alarkh the Cleaver (Demonspawn Skald)               Turns: 6773, Time: 00:05:56

Health: 0/50       AC:  6    Str: 11    XL:     7   Next: 77%
Magic:  10/10      EV:  6    Int: 16    God:    Okawaru [......]
Gold:   264        SH:  0    Dex: 13    Spells: 3/10 levels left

rFire    . . .     SeeInvis +   w - +0 war axe
rCold    . . .     Gourm    .   (no shield)
rNeg     + . .     Faith    .   b - +0 leather armour
rPois    .         Spirit   .   (no helmet)
rElec    .         Reflect  .   h - +0 cloak
rCorr    .         Harm     .   s - -1 pair of gloves (curse)
MR       .....                  (no boots)
Stlth    +.........             m - amulet of magic regeneration
Regen    0.2/turn               f - ring of positive energy
MPRegen  0.2/turn               B - ring of see invisible

@: held, hasted, very quick
A: molten scales 1, powered by death 1
a: Renounce Religion


You were on level 6 of the Dungeon.
You worshipped Okawaru.
Okawaru was noncommittal.
You were not hungry.

You visited 2 branches of the dungeon, and saw 7 of its levels.

You collected 264 gold pieces.

Inventory:

Hand Weapons
 a - a +0 hand axe
 w - a +0 war axe (weapon)
Armour
 b - a +0 leather armour (worn)
 h - a +0 cloak (worn)
 s - a cursed -1 pair of gloves (worn)
 x - a scarf of resistance
Jewellery
 f - a ring of positive energy (left hand)
 m - an amulet of magic regeneration (around neck)
 u - an uncursed ring of magical power
 y - an uncursed ring of fire
 z - an uncursed ring of flight
 B - a ring of see invisible (right hand)
Wands
 A - a wand of disintegration (11/24)
Scrolls
 e - a scroll of identify
 i - a scroll of magic mapping
 l - 2 scrolls of enchant armour
 o - a scroll of fear
 p - a scroll of recharging
 q - a scroll of random uselessness
 t - 2 scrolls of blinking
Potions
 g - 3 potions of curing
 j - a potion of flight
 r - 3 potions of brilliance
Books
 c - a book of Battle

   Spells                             Type                      Level
   a - Infusion                       Charms                       1
   b - Shroud of Golubria             Charms/Translocation         2
   c - Song of Slaying                Charms                       2
   d - Spectral Weapon                Hexes/Charms                 3
   e - Regeneration                   Charms/Necromancy            3
Comestibles
 d - 3 bread rations
 k - a meat ration
 n - 2 royal jellies
 v - 2 fruits


   Skills:
 - Level 2.0 Fighting
 + Level 8.3 Axes
 - Level 0.8 Armour
 - Level 1.7 Dodging
 - Level 2.0 Spellcasting
 - Level 2.6 Charms


You had 3 spell levels left.
You knew the following spells:

 Your Spells              Type           Power        Failure   Level  Hunger
a - Infusion              Chrm           ##..         9%          1    #......
b - Regeneration          Chrm/Necr      #.........   43%         3    ###....
c - Spectral Weapon       Hex/Chrm       #.......     43%         3    ###....


Dungeon Overview and Level Annotations

Branches:
Dungeon (6/15)             Temple (1/1) D:6

Altars:
Ashenzari
Cheibriados
Elyvilon
Fedhas
Gozag
Hepliaklqana
Kikubaaqudgha
Nemelex Xobeh
Okawaru
Qazlal
Sif Muna
Trog
Uskayaw
Vehumet
Wu Jian
Xom
Yredelemnul
Zin
The Shining One


Innate Abilities, Weirdness & Mutations

You are partially covered in molten scales. (AC +2)
You regenerate a little health from kills.


Message History

A gnoll comes into view. It is wielding a club.
It was a potion of haste.
You feel yourself speed up. The black bear bites you.
* * * LOW HITPOINT WARNING * * *
The black bear misses you. x2
The black bear bites you but does no damage.
The black bear claws you.
* * * LOW HITPOINT WARNING * * *
The black bear closely misses you. The gnoll misses you.
A gnoll comes into view.
The gnoll shouts!
The gnoll moves out of view.
You hit the black bear but do no damage.
The black bear is almost dead.
The gnoll throws a throwing net.
The throwing net hits you.
You become entangled in the net!
The black bear bites you!
* * * LOW HITPOINT WARNING * * *
The black bear claws you.
* * * LOW HITPOINT WARNING * * *
The black bear claws you.
You die...

.... #.. ... #.. ..# #..
.. #.. .. #.#
###############.. ... +..
#................
<...#..##................
....g.gh.................
........@..............##
...).#......####.#######
.... ####.#.###.....#
####......#.........#
........#####.....#
..##..... #.....# .......
#.....# .##...... #######
. #......


You could see a black bear (berserk) and 2 gnolls.

Vanquished Creatures
  2 ogres
  A phantom (D:6)
  A bullfrog (D:6)
  A crimson imp (D:3)
  A bullfrog zombie (D:6)
  2 hounds
  An orc priest (D:5)
  Crazy Yiuf (D:3)
  3 orc wizards
  A centaur skeleton (D:5)
  An iguana (D:3)
  3 worker ants (D:4)
  A worker ant zombie (D:5)
  8 adders
  An adder zombie (D:3)
  An adder skeleton (D:4)
  A worm (D:6)
  A dart slug (D:1)
  2 leopard geckos
  10 orcs
  8 bats
  2 giant cockroaches (D:3)
  4 goblins
  17 hobgoblins
  5 kobolds
  2 quokkas
  A ball python (D:2)
  3 frilled lizards
  A quokka skeleton (D:6)
  4 rats
90 creatures vanquished.

Vanquished Creatures (others)
  A spectral weapon (D:5)
1 creature vanquished.

Grand Total: 91 creatures vanquished

Notes
Turn   | Place    | Note
-------+----------+-------------------------------------------
     0 | D:1      | Alarkh the Demonspawn Skald began the quest for the Orb.
     0 | D:1      | Reached XP level 1. HP: 16/16 MP: 3/3
    18 | D:1      | Reached skill level 2 in Axes
   183 | D:1      | Gained mutation: You regenerate a little health from kills. [demonic ancestry]
   183 | D:1      | Reached XP level 2. HP: 5/22 MP: 0/5
   820 | D:2      | Reached skill level 3 in Axes
   848 | D:2      | Found an opulent altar of Gozag.
   917 | D:2      | Found a blossoming altar of Fedhas.
   971 | D:2      | Reached XP level 3. HP: 21/27 MP: 6/6
  1175 | D:2      | Learned a level 3 spell: Regeneration
  2172 | D:3      | Found a runed door.
  2252 | D:3      | Reached skill level 4 in Axes
  2252 | D:3      | Gained mutation: You are partially covered in molten scales. (AC +2) [demonic ancestry]
  2252 | D:3      | Reached XP level 4. HP: 13/33 MP: 2/7
  3035 | D:3      | Found a shattered altar of Ashenzari.
  3037 | D:3      | Found a hide-covered altar of Uskayaw.
  3038 | D:3      | Noticed a dagger
  3173 | D:3      | Noticed a dagger
  3192 | D:3      | Reached XP level 5. HP: 15/38 MP: 8/8
  3436 | D:3      | Noticed Crazy Yiuf
  3447 | D:3      | Killed Crazy Yiuf
  3447 | D:3      | Reached skill level 5 in Axes
  4209 | D:4      | Noticed an ogre
  4215 | D:4      | Learned a level 3 spell: Spectral Weapon
  4229 | D:4      | Killed an ogre
  4229 | D:4      | Reached skill level 6 in Axes
  4229 | D:4      | Reached XP level 6. HP: 20/44 MP: 1/9
  5668 | D:5      | Entered Level 5 of the Dungeon
  5766 | D:5      | Reached skill level 7 in Axes
  5766 | D:5      | Reached XP level 7. HP: 12/50 MP: 0/10
  6030 | D:5      | You fall through a shaft!
  6030 | D:6      | Found a white marble altar of Elyvilon.
  6166 | D:6      | Found a staircase to the Ecumenical Temple.
  6186 | D:6      | Reached skill level 8 in Axes
  6194 | Temple   | Entered the Ecumenical Temple
  6441 | Temple   | Became a worshipper of Warmaster Okawaru
  6773 | D:6      | Slain by a black bear

Vault maps used:
D:1:      minmay_arrival_checkered_box
D:2:      grunt_gozag_breadcrumbs, fedhas_altar_2
D:3:      ashenzari_altar_1, dancing_weapons_uskayaw, first_bread,
          uniq_crazy_yiuf_cottage
D:4:      sigmund_army
D:5:      gup_ossuary_entry_pyramid, gup_sewer_entry_bubbles
D:6:      minmay_temple_entry_glassed_door, elyvilon_altar_5, uniq_sigmund
Temple:   nicolae_temple_elliptical

Skill      XL: |  1  2  3  4  5  6  7 |
---------------+----------------------+-----
Axes           | 2 3 4 6 7 8 |  8.3
Fighting       | |  2.0
Armour         | |  0.8
Dodging        | |  1.7
Spellcasting   | |  2.0
Charms         | |  2.6

Action                   |  1- 3 |  4- 6 |  7- 9 || total
-------------------------+-------+-------+-------++-------
Melee: Hand axe          |   150 |     5 |       ||   155
       War axe           |       |   176 |    74 ||   250
 Cast: Infusion          |     7 |    11 |       ||    18
       Spectral Weapon   |       |     1 |     1 ||     2
  Use: Scroll            |     4 |     7 |     1 ||    12
       Potion            |       |     2 |     1 ||     3
 Stab: Invisible         |       |     1 |       ||     1
  Eat: Chunk             |     4 |    10 |     4 ||    18
       Royal jelly       |       |     1 |       ||     1
Armor: Leather armour    |    60 |    76 |    19 ||   155
Dodge: Dodged            |    96 |   153 |    54 ||   303
